 Dungeon Crawl Stone Soup version 0.25-a0-547-g27a0b5d1ef (webtiles) character file.

Game seed: 16168846221925118185, levelgen mode: deterministic

164 vurker the Gusty (level 5, -5/34 HPs)
             Began as an Octopode Air Elementalist on Feb 21, 2020.
             Killed by divine providence
             ... invoked by an orc priest
              (14 damage)
             ... on level 3 of the Dungeon.
             The game lasted 00:03:30 (2459 turns).

vurker the Gusty (Octopode Air Elementalist)        Turns: 2459, Time: 00:03:31

Health: -5/34      AC:  1    Str:  7    XL:     5   Next: 45%
Magic:  0/9        EV: 13    Int: 18    God:
Gold:   87         SH:  0    Dex: 13    Spells: 0/10 levels left

rFire    . . .     SeeInvis .   b - +0 dagger
rCold    . . .     Gourm    .   (no shield)
rNeg     . . .     Faith    .   (helmet restricted)
rPois    .         Spirit   .   (no amulet)
rElec    .         Reflect  .   (no ring)
rCorr    .         Harm     .   (no ring)
MR       .....                  (no ring)
Stlth    +++.......             (no ring)
HPRegen  0.11/turn              (no ring)
MPRegen  0.11/turn              (no ring)
                                (no ring)
                                (no ring)

@: no status effects
A: almost no armour, stealthy swim, amphibious, 8 rings, constrict 8, camouflage
1, gelatinous body 1
a: no special abilities


You were on level 3 of the Dungeon.
You were not hungry.

You visited 1 branch of the dungeon, and saw 3 of its levels.

You collected 87 gold pieces.

Inventory:

Hand Weapons
 b - a +0 dagger (weapon)
   (You took it off a goblin on level 1 of the Dungeon)
Jewellery
 f - an uncursed ring of fire
   (You found it on level 1 of the Dungeon)
Scrolls
 d - a scroll of enchant armour {unknown}
 h - a scroll of identify
Potions
 c - a potion of flight
 g - a potion of cancellation {unknown}
Comestibles
 e - 8 rations


   Skills:
 + Level 1.8 Fighting
 - Level 2.0 Dodging
 - Level 2.6 Stealth
 * Level 3.3 Spellcasting
 + Level 2.1 Conjurations
 * Level 4.2 Air Magic


You couldn't memorise any spells.
You knew the following spells:

 Your Spells              Type           Power        Failure   Level  Hunger
a - Shock                 Conj/Air       ##..         4%          1    None
b - Lightning Bolt        Conj/Air       ##........   75%         5    ######.
c - Airstrike             Air            ###.......   28%         4    ####...

Your spell library contained the following spells:

 Spells                   Type           Power        Failure   Level  Hunger
 Swiftness                Chrm/Air       ##......     10%         2    ##.....
 Static Discharge         Conj/Air       ##......     13%         3    ###....


Dungeon Overview and Level Annotations

Branches:
Dungeon (3/15)

Altars:
Sif Muna
Wu Jian


Innate Abilities, Weirdness & Mutations

You cannot wear most types of armour.
You are very stealthy in the water. (Stealth+)
You are amphibious.
You can wear up to eight rings at the same time.
You can use your tentacles to constrict eight enemies at once.
Your skin changes colour to match your surroundings (Stealth+).
Your rubbery body absorbs attacks. (AC +1, EV +1)


Message History

The zap hits the orc priest.
The zap hits the orc.
You kill the orc!
Aim: an orc priest, wielding a +0 flail and wearing a +0 ring mail (lightly wounded)
The zap misses the orc priest.
The orc priest calls down the wrath of Beogh upon you.
You barely resist.
Aim: an orc priest, wielding a +0 flail and wearing a +0 ring mail (lightly wounded)
The zap hits the orc priest but does no damage.
The orc priest invokes the aid of Beogh against you.
Beogh smites you!
Aim: an orc priest, wielding a +0 flail and wearing a +0 ring mail (lightly wounded)
The zap misses the orc priest.
The orc priest hits you but does no damage.
Aim: an orc priest, wielding a +0 flail and wearing a +0 ring mail (lightly wounded)
The zap misses the orc priest.
The orc priest hits you with a +0 flail.
Aim: an orc priest, wielding a +0 flail and wearing a +0 ring mail (lightly wounded)
The zap misses the orc priest.
The orc priest closely misses you.
Aim: an orc priest, wielding a +0 flail and wearing a +0 ring mail (lightly wounded)
The zap hits the orc priest but does no damage.
You hear a shout!
Aim: an orc priest, wielding a +0 flail and wearing a +0 ring mail (lightly wounded)
The zap hits the orc priest.
The orc priest invokes the aid of Beogh against you.
Pain shoots through your body!
* * * LOW HITPOINT WARNING * * *
You hit the orc priest but do no damage.
Your grab misses the orc priest. The orc priest completely misses you.
You barely miss the orc priest. Your grab misses the orc priest.
You squeeze the orc priest, but do no damage.
The orc priest closely misses you.
You hit the orc priest. Your grab misses the orc priest.
The orc priest hits you with a +0 flail!
* * * LOW HITPOINT WARNING * * *
Okay, then.
Aim: an orc priest, wielding a +0 flail and wearing a +0 ring mail (heavily wounded)
The zap hits the orc priest.
The orc priest closely misses you.
Aim: an orc priest, wielding a +0 flail and wearing a +0 ring mail (severely wounded)
The zap hits the orc priest.
The zap misses the orc priest.
The orc priest shouts!
The orc priest begins to cast a cantrip, but forgets the words!
You hit the orc priest but do no damage.
You grab the orc priest. You constrict the orc priest.
The orc priest struggles to escape constriction.
You completely miss the orc priest.
You constrict the orc priest, but do no damage.
You release your grip on the orc priest.
The orc priest invokes the aid of Beogh against you.
Beogh smites you!
You die...

#.# #)..#)#.......##
#.###.#.#.##.....##
#.....#.#.###....#
###.......#........#
#......#########.###
#.###..# #.# #.# #..#
#+## #.# #..## ##...##
#.###@..# ##....(##
#....#o.# ##.......##
##.....[_####.o.......#
##.........).o.........+
#.........####.o<...o..#
#.........# ##.....o.##
#.........# ##..)..##
##.......## ##...##
##.....## #+##


You could see an orc priest.

Vanquished Creatures
  An ogre (D:3)
  A gnoll (D:1)
  2 adders (D:2)
  An ooze (D:2)
  2 worms (D:2)
  A dart slug (D:1)
  A leopard gecko (D:3)
  2 orcs (D:3)
  4 bats (D:1)
  A giant cockroach (D:1)
  11 hobgoblins
  2 quokkas
  2 frilled lizards
  4 goblins (D:1)
  2 kobolds
  4 rats
41 creatures vanquished.

Notes
Turn   | Place    | Note
-------+----------+-------------------------------------------
     0 | D:1      | vurker the Octopode Air Elementalist began the quest for
                  | the Orb.
     0 | D:1      | Reached XP level 1. HP: 11/11 MP: 3/3
    54 | D:1      | Reached XP level 2. HP: 9/18 MP: 0/5
   449 | D:1      | Reached XP level 3. HP: 22/22 MP: 3/6
   936 | D:2      | Reached skill level 1 in Fighting
  1313 | D:2      | Found a faded altar of an unknown god.
  1349 | D:2      | Reached XP level 4. HP: 27/28 MP: 2/8
  1539 | D:2      | Found an ornate altar of the Wu Jian Council.
  2009 | D:3      | Found a shimmering blue altar of Sif Muna.
  2122 | D:3      | Noticed an ogre
  2131 | D:3      | Killed an ogre
  2131 | D:3      | Reached skill level 4 in Air Magic
  2131 | D:3      | Reached XP level 5. HP: 34/34 MP: 3/9
  2189 | D:3      | Learned a level 5 spell: Lightning Bolt
  2194 | D:3      | Learned a level 4 spell: Airstrike
  2459 | D:3      | Killed from afar by an orc priest

Levels and vault maps discovered:
D:1:      shiori_arrival_oz, layout_basic, serial_glass, glass_columns_a,
          glass_columns_a
D:2:      layout_basic, old_standard_altar,
          chequers_ecumenical_altar_simple_redux
D:3:      layout_loops_corners, fedhas_altar_4, overflow_temple_1_default,
          serial_glass, glass_columns_b, glass_columns_a

Skill      XL: |  1  2  3  4 |
---------------+-------------+-----
Fighting       | 1 |  1.8
Spellcasting   | 3 |  3.3
Conjurations   | 2 |  2.1
Air Magic      | 4 |  4.2
Dodging        | |  2.0
Stealth        | |  2.6

Action                   |  1- 3 |  4- 6 || total
-------------------------+-------+-------++-------
Melee: Unarmed           |    11 |       ||    11
       Constrict         |     3 |     2 ||     5
       Tentacles         |     2 |     3 ||     5
       Dagger            |     7 |    11 ||    18
 Cast: Shock             |    56 |    42 ||    98
  Use: Scroll            |     6 |       ||     6
  Eat: Chunk             |     2 |     3 ||     5
Armor: Skin              |     3 |       ||     3
Dodge: Dodged            |    14 |    16 ||    30

Table legend:
 A = Non-vault XP
 B = Vault XP
 C = Vault XP percentage of total XP
 D = Non-vault monster count
 E = Vault monster count
 F = Vault count percentage of total count
                 A         B        C        D         E       F
            +---------+---------+-------+---------+---------+-------
      Total |     232 |       3 |   1.3 |      39 |       2 |   4.9
            +---------+---------+-------+---------+---------+-------
        D:1 |      47 |       3 |   6.0 |      20 |       2 |   9.1
        D:2 |      54 |       0 |   0.0 |      12 |       0 |   0.0
        D:3 |     131 |       0 |   0.0 |       7 |       0 |   0.0
            +---------+---------+-------+---------+---------+-------
